[Event "Titled Tuesday Blitz January 17 Early 2023"]
[White "Melikhov, Evgeny V."]
[Black "Martynov, Pavel"]
[WhiteFideId "4122046"]
[BlackFideId "4101260"]
[WhiteElo "2269"]
[BlackElo "2414"]
[Result "0-1"]
[Round "06"]
[TimeControl "180+2"]
[Date "2023.01.17"]
[WhiteClock "0:00:52"]
[BlackClock "0:02:38"]

1. d4 d5 2. c4 e6 3. Nc3 c5 4. cxd5 exd5 5. Nf3 Nc6 6. g3 Nf6 7. Bg2 Be7 8. O-O O-O 9. Bg5 cxd4 10. Nxd4 h6 11. Be3 Re8 12. Rc1 Bf8 13. Nxc6 bxc6 14. Na4 Bd7 15. Bc5 Bxc5 16. Nxc5 Bg4 17. Re1 Qa5 18. a3 Qb5 19. Nd3 a5 20. h3 Bf5 21. Nc5 Qxb2 22. Qa4 Rxe2 23. Rxe2 Qxc1+ 24. Kh2 Qxc5 0-1


[Site "https://www.chess.com"]

[Event "Titled Tuesday Blitz January 17 Early 2023"]
[White "Tsotsonava, Elene"]
[Black "Lymar, Vladislav"]
[WhiteFideId "13615939"]
[BlackFideId "14162180"]
[WhiteElo "2053"]
[BlackElo "2119"]
[Result "0-1"]
[Round "06"]
[TimeControl "180+2"]
[Date "2023.01.17"]
[WhiteClock "0:00:22"]
[BlackClock "0:00:31"]

1. e4 Nc6 2. Nf3 d5 3. exd5 Qxd5 4. Nc3 Qh5 5. Be2 Bg4 6. O-O O-O-O 7. h3 Nf6 8. hxg4 Nxg4 9. d3 e5 10. Nh4 f5 11. g3 g5 12. Bxg4 fxg4 13. Nf5 e4 14. Nxe4 Ne5 15. Nxg5 h6 16. Kg2 Bc5 17. Rh1 Qg6 18. Nh4 Qc6+ 19. Ne4 Rhf8 20. Bf4 h5 21. Rf1 Ng6 22. Nxg6 Qxg6 23. Nxc5 h4 24. Qe2 Rde8 25. Ne4 Qh7 26. Rh1 h3+ 27. Kh2 Qh5 28. Qe3 Kb8 29. Rhe1 Qd5 30. Nf6 Qg2# 0-1


[Site "https://www.chess.com"]

[Event "Titled Tuesday Blitz January 17 Early 2023"]
[White "Le Ruyet, Leopold"]
[Black "Rosenberg, Evan S"]
[WhiteFideId "645923"]
[BlackFideId "2019299"]
[WhiteElo "2245"]
[BlackElo "1956"]
[Result "0-1"]
[Round "06"]
[TimeControl "180+2"]
[Date "2023.01.17"]
[WhiteClock "0:00:01"]
[BlackClock "0:00:14"]

1. e4 e5 2. Nf3 Nc6 3. d4 exd4 4. Nxd4 Nf6 5. Nxc6 bxc6 6. e5 Qe7 7. Qe2 Nd5 8. h4 f6 9. c4 Ba6 10. exf6 Nxf6 11. Nc3 Qxe2+ 12. Bxe2 Bb4 13. Bd2 O-O 14. a3 Bc5 15. O-O Rae8 16. Rae1 Bd4 17. b3 d5 18. Bf3 dxc4 19. bxc4 Bxc4 20. Rxe8 Nxe8 21. Rc1 c5 22. Ne2 Bxe2 23. Bxe2 Rxf2 24. Bc4+ Kf8 25. Rf1 Rf4+ 26. Kh2 Rxf1 27. Bxf1 Nd6 28. Kg3 c4 29. Bb4 c3 30. Bd3 g6 31. Kf4 Bf6 32. h5 gxh5 33. Bxh7 Bd4 34. Bd3 c5 35. Ba5 Ke7 36. Kg5 c4 37. Bc2 Nb7 38. Bb4+ Ke6 39. Kxh5 a5 40. Bf8 Bc5 41. Bxc5 Nxc5 42. g4 Nd3 43. g5 Kf7 44. Kh6 Kg8 45. Kg6 Ne5+ 46. Kf5 Nf3 0-1


[Site "https://www.chess.com"]

[Event "Titled Tuesday Blitz January 17 Early 2023"]
[White "Vasques, Antonio Pedro Freixial"]
[Black "Al-Tarboush, Ward"]
[WhiteFideId "1908332"]
[BlackFideId "7601450"]
[WhiteElo "2214"]
[BlackElo "2256"]
[Result "0-1"]
[Round "06"]
[TimeControl "180+2"]
[Date "2023.01.17"]
[WhiteClock "0:01:41"]
[BlackClock "0:00:07"]

1. e4 c5 2. Nc3 Nc6 3. Bb5 Nd4 4. Nf3 Nxb5 5. Nxb5 a6 6. Nc3 e6 7. d4 cxd4 8. Qxd4 Ne7 9. Bg5 f6 10. Bxf6 gxf6 11. Qxf6 Ng6 12. Qd4 Qa5 13. O-O-O Bb4 14. Nd5 exd5 15. exd5 O-O 16. h4 Rf4 17. Qe3 Qxa2 18. c3 Qa1+ 19. Kc2 Qa4+ 20. Kb1 d6 21. Nd4 Rxd4 22. Rxd4 Bf5+ 23. Rd3 Re8 24. Qg3 Qb5 25. Rd1 Bxc3 26. Rd2 Bxd2 27. Kc2 Bxd3+ 28. Qxd3 Qxd3+ 29. Kxd3 Bb4 30. h5 Nf4+ 31. Kc4 Re4+ 32. Kb3 Nd3 33. g3 b5 34. f3 Re2 35. h6 Rxb2# 0-1


[Site "https://www.chess.com"]

[Event "Titled Tuesday Blitz January 17 Early 2023"]
[White "Bommini, Mounika Akshaya"]
[Black "Garakov, Mikhael"]
[WhiteFideId "25019872"]
[BlackFideId "4169034"]
[WhiteElo "2118"]
[BlackElo "2447"]
[Result "0-1"]
[Round "06"]
[TimeControl "180+2"]
[Date "2023.01.17"]
[WhiteClock "0:00:08"]
[BlackClock "0:01:21"]

1. d4 c5 2. Nc3 cxd4 3. Qxd4 Nc6 4. Qh4 Nf6 5. Bg5 Qa5 6. O-O-O d6 7. e3 Be6 8. a3 Rc8 9. Nf3 Nd7 10. Nd4 h6 11. Nxe6 fxe6 12. Qh5+ Kd8 13. Nb5 g6 14. Qh4 Ke8 15. Bd3 Nce5 16. Be2 Nf7 17. Bf4 g5 18. Qh5 gxf4 19. Nxd6+ exd6 20. Qxa5 a6 21. exf4 Nc5 22. Bh5 Nb3+ 23. Kb1 Nxa5 0-1


[Site "https://www.chess.com"]

[Event "Titled Tuesday Blitz January 17 Early 2023"]
[White "Sohier, Julien"]
[Black "Bazarov, Konstantin"]
[WhiteFideId "645346"]
[BlackFideId "4137000"]
[WhiteElo "2214"]
[BlackElo "2235"]
[Result "0-1"]
[Round "06"]
[TimeControl "180+2"]
[Date "2023.01.17"]
[WhiteClock "0:00:01"]
[BlackClock "0:00:13"]

1. e4 b6 2. d4 Bb7 3. Bd3 e6 4. Qe2 Be7 5. Nc3 Nf6 6. Nf3 c5 7. d5 exd5 8. exd5 Nxd5 9. Ne4 O-O 10. h4 Nb4 11. Neg5 Nxd3+ 12. Qxd3 f5 13. Bf4 Na6 14. Qb3+ d5 15. Ne6 Qd7 16. Nxf8 Rxf8 17. O-O Kh8 18. a3 Bf6 19. Ne5 Qd8 20. h5 c4 21. Qg3 Nc5 22. f3 Ne6 23. Rfe1 Bh4 24. Qh2 Nxf4 25. Qxf4 Bxe1 26. Rxe1 Kg8 27. c3 Qd6 28. h6 g6 29. Qd4 Re8 30. f4 Qc5 31. Rd1 Qxd4+ 32. Rxd4 g5 33. g3 Re6 34. Kg2 gxf4 35. gxf4 Rxh6 36. Nf3 Rg6+ 37. Kf2 Kf8 38. Ne5 Rh6 39. Kg2 Ke7 40. Rd1 Rf6 41. Nf3 Rg6+ 42. Kf2 Kd6 43. Re1 Rg8 44. Nd4 Bc8 45. Re5 Rf8 46. Kf3 Bd7 47. Kf2 h5 48. Kg3 Rg8+ 49. Kh4 Rg4+ 50. Kxh5 Rxf4 51. Re3 Rf2 52. Re2 Rxe2 53. Nxe2 Ke5 54. Kg5 Bc8 55. Nf4 Ke4 0-1


[Site "https://www.chess.com"]

[Event "Titled Tuesday Blitz January 17 Early 2023"]
[White "Padmini, Rout"]
[Black "Sailer, Mike"]
[WhiteFideId "5029295"]
[BlackFideId "2012901"]
[WhiteElo "2375"]
[BlackElo "2109"]
[Result "1-0"]
[Round "06"]
[TimeControl "180+2"]
[Date "2023.01.17"]
[WhiteClock "0:01:54"]
[BlackClock "0:00:02"]

1. Nf3 d5 2. g3 Nf6 3. Bg2 Bf5 4. O-O e6 5. d3 Be7 6. Nbd2 O-O 7. Nh4 Bg4 8. h3 Bh5 9. g4 Nfd7 10. Nf5 exf5 11. gxh5 Nf6 12. h6 g6 13. c4 c6 14. Qb3 Qb6 15. Qc2 Re8 16. b3 Nbd7 17. Bb2 Bf8 18. e4 fxe4 19. dxe4 Nxe4 20. Bxe4 dxe4 21. Nxe4 Rxe4 22. Qxe4 Bxh6 23. Rad1 Nf8 24. Qe5 f6 25. Qxf6 Qc5 26. Qh8+ Kf7 27. Rfe1 Qg5+ 28. Kf1 Qf5 29. Qc3 Ne6 30. Rd7+ 1-0


[Site "https://www.chess.com"]

[Event "Titled Tuesday Blitz January 17 Early 2023"]
[White "Lauridsen, Jesper Morch"]
[Black "Harsha Bharathakoti"]
[WhiteFideId "1401890"]
[BlackFideId "5078776"]
[WhiteElo "2309"]
[BlackElo "2602"]
[Result "0-1"]
[Round "06"]
[TimeControl "180+2"]
[Date "2023.01.17"]
[WhiteClock "0:00:18"]
[BlackClock "0:00:15"]

1. e4 c6 2. d4 d5 3. exd5 cxd5 4. c4 Nf6 5. Nc3 Nc6 6. Nf3 g6 7. cxd5 Nxd5 8. Bc4 Nxc3 9. Qb3 Nd5 10. Bxd5 e6 11. Bxc6+ bxc6 12. O-O Qd5 13. Qxd5 cxd5 14. Bf4 f6 15. Rac1 g5 16. Bg3 h5 17. h4 g4 18. Nd2 Rh7 19. Nb3 Rb7 20. Rc2 Bd7 21. Na5 Rb5 22. Nc6 a5 23. a4 Rb6 24. Rfc1 Rc8 25. Nxa5 Rxc2 26. Rxc2 Rb4 27. b3 Rxd4 28. Nb7 e5 29. Kh2 Rb4 30. Rc3 Rxb7 0-1


[Site "https://www.chess.com"]

[Event "Titled Tuesday Blitz January 17 Early 2023"]
[White "Tanenbaum, Zachary"]
[Black "Castellanos Gomez, Alejandro"]
[WhiteFideId "2060850"]
[BlackFideId "22284141"]
[WhiteElo "2261"]
[BlackElo "2253"]
[Result "1-0"]
[Round "06"]
[TimeControl "180+2"]
[Date "2023.01.17"]
[WhiteClock "0:00:11"]
[BlackClock "0:00:03"]

1. e4 e6 2. d4 d5 3. Nc3 Nf6 4. Bg5 Be7 5. e5 Nfd7 6. h4 h6 7. Bxe7 Qxe7 8. Qg4 O-O 9. Nf3 c5 10. dxc5 Nc6 11. Qf4 Nxc5 12. O-O-O a6 13. Bd3 b5 14. Kb1 b4 15. Ne2 a5 16. Ned4 Bb7 17. Nxc6 Bxc6 18. Nd4 Bb7 19. Rh3 Kh8 20. Rg3 a4 21. h5 b3 22. cxb3 axb3 23. axb3 f5 24. b4 Nxd3 25. Rgxd3 Rfc8 26. Rc1 Qxb4 27. Nxe6 Rxc1+ 28. Qxc1 Qe4 29. Nc5 Qb4 30. Rb3 Qa5 31. Rxb7 Qa2+ 32. Kc2 Qc4+ 33. Kd2 Qd4+ 34. Nd3 Qg4 35. Rc7 Kh7 36. Qc6 Qg5+ 37. Kc2 Qxh5 38. Qxa8 Qe2+ 39. Kc3 d4+ 40. Kxd4 Qe4+ 41. Qxe4 fxe4 42. Kxe4 1-0


[Site "https://www.chess.com"]

[Event "Titled Tuesday Blitz January 17 Early 2023"]
[White "Wagh Suyog"]
[Black "Albertini, Luca"]
[WhiteFideId "25071688"]
[BlackFideId "847038"]
[WhiteElo "2313"]
[BlackElo "2084"]
[Result "0-1"]
[Round "06"]
[TimeControl "180+2"]
[Date "2023.01.17"]
[WhiteClock "0:00:55"]
[BlackClock "0:00:18"]

1. Nf3 d5 2. e3 Nf6 3. c4 c6 4. b3 g6 5. Bb2 Bg7 6. d4 O-O 7. Bd3 Bg4 8. Nbd2 Bxf3 9. Nxf3 Nbd7 10. O-O Re8 11. Qc2 Nh5 12. Rad1 Qb8 13. h3 e5 14. cxd5 cxd5 15. Bb5 Rc8 16. Qe2 e4 17. Bxd7 exf3 18. Qxf3 Rc2 19. Rb1 Qd6 20. Bb5 Nf6 21. Bd3 Rc6 22. g3 Rac8 23. Kg2 a6 24. Rfd1 Qb4 25. g4 Qa5 26. a3 Qb6 27. b4 Re8 28. Rdc1 Ne4 29. Qd1 Rf6 30. Rc2 h5 31. Rbc1 hxg4 32. hxg4 Qd6 33. Qh1 Rxf2+ 34. Kg1 Qg3+ 35. Qg2 Qxg2# 0-1


[Site "https://www.chess.com"]

[Event "Titled Tuesday Blitz January 17 Early 2023"]
[White "Arabidze, Meri"]
[Black "Gatterer, Florian"]
[WhiteFideId "13604040"]
[BlackFideId "811688"]
[WhiteElo "2441"]
[BlackElo "2170"]
[Result "1-0"]
[Round "06"]
[TimeControl "180+2"]
[Date "2023.01.17"]
[WhiteClock "0:00:57"]
[BlackClock "0:00:06"]

1. b3 e5 2. Bb2 Nc6 3. e3 Nf6 4. Nf3 e4 5. Ne5 Nxe5 6. Bxe5 d5 7. c4 Be6 8. cxd5 Bxd5 9. Nc3 Be6 10. Be2 Be7 11. Nb5 Nd5 12. Nd4 Bd7 13. Bc4 Nb6 14. Qh5 Nxc4 15. bxc4 O-O 16. O-O Bf6 17. Bxf6 Qxf6 18. Rab1 b6 19. c5 Be6 20. a4 Bc4 21. Rfc1 Bd3 22. Ra1 Rad8 23. cxb6 cxb6 24. h3 Rfe8 25. Rc7 Re5 26. Qd1 Rg5 27. f4 exf3 28. Qxf3 Qg6 29. Nc6 Kh8 30. Nxd8 Be4 31. Nxf7+ Kg8 32. Rc8# 1-0


[Site "https://www.chess.com"]

[Event "Titled Tuesday Blitz January 17 Early 2023"]
[White "Dehtiarov, Roman"]
[Black "Szyszylo, Rafal"]
[WhiteFideId "14186640"]
[BlackFideId "1109626"]
[WhiteElo "2289"]
[BlackElo "2091"]
[Result "1-0"]
[Round "06"]
[TimeControl "180+2"]
[Date "2023.01.17"]
[WhiteClock "0:00:58"]
[BlackClock "0:00:25"]

1. e4 g6 2. d4 d6 3. Nc3 Nf6 4. Nf3 Bg7 5. Be2 O-O 6. O-O Bg4 7. h3 Bxf3 8. Bxf3 e5 9. Be3 Nc6 10. d5 Ne7 11. Qd2 Nd7 12. Be2 f5 13. f3 f4 14. Bf2 g5 15. Nd1 h5 16. c4 b6 17. Nc3 Ng6 18. b4 Rf7 19. c5 Bf8 20. c6 Nf6 21. a4 a6 22. Nb1 g4 23. fxg4 hxg4 24. hxg4 Nxe4 25. Qd3 Nxf2 26. Qxg6+ Rg7 27. Qe6+ Kh8 28. Rxf2 Qh4 29. Rf3 Qe1+ 30. Bf1 Qxb4 31. Rh3+ Rh7 32. Rxh7+ Kxh7 33. Qf5+ Kg8 34. Ra3 Qd4+ 35. Kh1 Qxd5 36. Rh3 Bg7 37. Nc3 Qxc6 38. Qe6+ Kf8 39. Bc4 d5 40. Qxc6 dxc4 41. Qxa8+ Ke7 42. Qc6 1-0


[Site "https://www.chess.com"]

[Event "Titled Tuesday Blitz January 17 Early 2023"]
[White "Sonnenschein, Philipp"]
[Black "Niekras, Dawid"]
[WhiteFideId "16250877"]
[BlackFideId "1160451"]
[WhiteElo "2224"]
[BlackElo "2315"]
[Result "0-1"]
[Round "06"]
[TimeControl "180+2"]
[Date "2023.01.17"]
[WhiteClock "0:00:01"]
[BlackClock "0:00:07"]

1. e4 c5 2. Nf3 g6 3. c3 Bg7 4. d4 cxd4 5. cxd4 d5 6. e5 Bg4 7. Bb5+ Nd7 8. O-O a6 9. Bd3 e6 10. Nbd2 Ne7 11. h3 Bxf3 12. Nxf3 O-O 13. Bg5 f6 14. exf6 Bxf6 15. Bxf6 Rxf6 16. Re1 Nc6 17. Bc2 Rc8 18. Rc1 Qb6 19. Bb3 Kg7 20. Qd3 Rcf8 21. Re3 Qb4 22. a3 Qd6 23. Rce1 b5 24. R1e2 Na5 25. Ng5 Re8 26. Ba2 Nc4 27. Rf3 Ref8 28. Rxf6 Rxf6 29. Bb1 e5 30. dxe5 Ndxe5 31. Qd4 Nc6 32. Qh4 h6 33. Nf3 Qf4 34. Qxf4 Rxf4 35. Bd3 Rf6 36. Kf1 Rd6 37. Ke1 Kf6 38. Kd1 g5 39. Kc2 N4e5 40. Nxe5 Nxe5 41. Rd2 Rc6+ 42. Kd1 Ng6 43. Be2 Nf4 44. Bf3 Ke5 45. Rd3 Nxd3 46. Kd2 Nxf2 0-1


[Site "https://www.chess.com"]

[Event "Titled Tuesday Blitz January 17 Early 2023"]
[White "Fiorito, Joaquin"]
[Black "Zherebtsova, Alexandra"]
[WhiteFideId "180173"]
[BlackFideId "24129518"]
[WhiteElo "2405"]
[BlackElo "2155"]
[Result "1-0"]
[Round "06"]
[TimeControl "180+2"]
[Date "2023.01.17"]
[WhiteClock "0:01:46"]
[BlackClock "0:00:59"]

1. d4 d5 2. Nc3 Bf5 3. Bf4 c6 4. f3 Nf6 5. g4 Bg6 6. h4 h6 7. e3 Qb6 8. Qd2 Nbd7 9. O-O-O e6 10. Nh3 a6 11. Bg3 c5 12. Nf4 Bh7 13. g5 cxd4 14. exd4 Ng8 15. Nfxd5 exd5 16. Nxd5 Qa7 17. Re1+ Ne7 18. Bd6 Rc8 19. Bd3 Qxd4 20. Nxe7 Bxe7 21. Rxe7+ Kd8 22. Rxd7+ 1-0


[Site "https://www.chess.com"]

[Event "Titled Tuesday Blitz January 17 Early 2023"]
[White "Garv Gaur"]
[Black "Dixit, Nikhil"]
[WhiteFideId "45030839"]
[BlackFideId "5059534"]
[WhiteElo "2006"]
[BlackElo "2257"]
[Result "1-0"]
[Round "06"]
[TimeControl "180+2"]
[Date "2023.01.17"]
[WhiteClock "0:00:24"]
[BlackClock "0:01:17"]

1. d4 Nf6 2. Nf3 g6 3. c4 Bg7 4. g3 d6 5. Bg2 O-O 6. O-O c6 7. Nc3 Bf5 8. Ne1 d5 9. cxd5 cxd5 10. Nd3 Nc6 11. Nf4 e6 12. h3 h5 13. e3 Rc8 14. Bd2 Nh7 15. g4 hxg4 16. hxg4 g5 17. gxf5 gxf4 18. Qg4 Qg5 19. Qxg5 Nxg5 20. Rfc1 fxe3 21. fxe3 Bf6 22. a3 Kg7 23. Kf2 Rh8 24. Rh1 Rxh1 25. Rxh1 Rh8 26. Rxh8 Kxh8 27. b4 Kg7 28. Ne2 Kf8 29. Nf4 Ke7 30. b5 Nb8 31. Bxd5 exf5 32. Bb4+ Kd7 33. Bxb7 Ne6 34. Nd5 Bd8 35. Nc3 f4 36. Ne4 fxe3+ 37. Kxe3 Bb6 38. Nc5+ Kc7 39. Bd5 Nd7 40. Bxe6 fxe6 41. Nxe6+ Kb7 42. Nc5+ Kc8 43. Nxd7 Kxd7 44. Ke4 Kc8 45. Bc5 1-0


[Site "https://www.chess.com"]

[Event "Titled Tuesday Blitz January 17 Early 2023"]
[White "Royal, Shreyas"]
[Black "Dinu, Dumitru-Daniel"]
[WhiteFideId "448869"]
[BlackFideId "1208403"]
[WhiteElo "2438"]
[BlackElo "2203"]
[Result "1-0"]
[Round "06"]
[TimeControl "180+2"]
[Date "2023.01.17"]
[WhiteClock "0:01:51"]
[BlackClock "0:00:13"]

1. e4 c5 2. Nf3 e6 3. Nc3 Nc6 4. d4 cxd4 5. Nxd4 Nf6 6. g3 d5 7. exd5 Nxd5 8. Bg2 Nxc3 9. bxc3 Bd7 10. O-O Be7 11. Rb1 Rb8 12. Rxb7 Rxb7 13. Nxc6 Qc7 14. Bf4 Qxc6 15. Bxc6 Bxc6 16. Be5 f6 17. Bd4 O-O 18. Qg4 Bd5 19. Re1 Rfb8 20. f3 Rb1 21. Kf2 Rxe1 22. Kxe1 Rb2 23. c4 Rb1+ 24. Kd2 Bxc4 25. Bxf6 Bxf6 26. Qxc4 Kf7 27. Qc7+ Kg6 28. Qxa7 Rh1 29. Qf2 Ra1 30. Qe2 Kf7 31. Qc4 Rh1 32. h4 Rg1 33. a4 Rxg3 34. Qc7+ 1-0


[Site "https://www.chess.com"]

[Event "Titled Tuesday Blitz January 17 Early 2023"]
[White "Devaev, Alexander"]
[Black "Ordekalog"]
[WhiteFideId "4169395"]
[WhiteElo "2325"]
[BlackElo "2578"]
[Result "0-1"]
[Round "06"]
[TimeControl "180+2"]
[Date "2023.01.17"]
[WhiteClock "0:00:05"]
[BlackClock "0:00:09"]

1. d4 d5 2. c4 e6 3. Nc3 c5 4. cxd5 exd5 5. Nf3 Nc6 6. e3 Nf6 7. Bb5 Bd6 8. dxc5 Bxc5 9. O-O O-O 10. b3 Bg4 11. Bxc6 bxc6 12. Ne2 Ne4 13. Bb2 Re8 14. Qd3 Bxf3 15. gxf3 Ng5 16. Qf5 g6 17. Qg4 h5 18. Qg2 Ne6 19. Rfd1 Rc8 20. Ng3 Kh7 21. f4 Bf8 22. f5 Ng7 23. f6 Ne6 24. h4 Bh6 25. Kh1 Qa5 26. Qh3 Qb4 27. Bd4 c5 28. Bb2 d4 29. Rg1 dxe3 30. fxe3 Rcd8 31. Rg2 Qb7 32. Kh2 Qc7 33. Kh1 Qc6 34. Kh2 Rd3 35. Nxh5 Rxe3 36. Qg4 Qd6+ 37. Kh1 Qd5 38. Rd1 Qxh5 39. Qxh5 gxh5 40. Rd7 Re1+ 41. Kh2 Bf4+ 42. Kh3 Rh1+ 0-1


[Site "https://www.chess.com"]

[Event "Titled Tuesday Blitz January 17 Early 2023"]
[White "Ginzburg, Yakov"]
[Black "Gressmann, Moritz"]
[WhiteFideId "4157176"]
[BlackFideId "24695084"]
[WhiteElo "2405"]
[BlackElo "2129"]
[Result "1-0"]
[Round "06"]
[TimeControl "180+2"]
[Date "2023.01.17"]
[WhiteClock "0:00:06"]
[BlackClock "0:00:05"]

1. e4 e5 2. Nf3 Nf6 3. Nxe5 Nc6 4. d4 Nxe5 5. dxe5 Nxe4 6. Bc4 Qh4 7. g3 Nxg3 8. Bxf7+ Ke7 9. fxg3 Qe4+ 10. Kf2 Kxf7 11. Re1 Bc5+ 12. Be3 Bxe3+ 13. Rxe3 Qg6 14. Nc3 Re8 15. Qd5+ Qe6 16. Rd1 c6 17. Qxe6+ Rxe6 18. Ne4 Kg8 19. Nd6 Re7 20. Kg2 b6 21. c4 Ba6 22. b3 b5 23. c5 b4 24. Rd4 Bb5 25. Rxb4 a5 26. Rf4 a4 27. b4 a3 28. Rff3 Ra4 29. Rxa3 Rxe5 30. Rxa4 Bxa4 31. Ra3 h5 32. Rxa4 g5 33. Ra7 g4 34. Rxd7 Re2+ 35. Kf1 Rxa2 36. b5 Rxh2 37. bxc6 h4 38. gxh4 g3 39. c7 Rf2+ 40. Kg1 1-0


[Site "https://www.chess.com"]

[Event "Titled Tuesday Blitz January 17 Early 2023"]
[White "Sielecki, Christof"]
[Black "Marn, Jan"]
[WhiteFideId "4620437"]
[BlackFideId "14619245"]
[WhiteElo "2419"]
[BlackElo "2345"]
[Result "0-1"]
[Round "06"]
[TimeControl "180+2"]
[Date "2023.01.17"]
[WhiteClock "0:00:01"]
[BlackClock "0:00:03"]

1. e4 e5 2. Nf3 Nc6 3. Bb5 a6 4. Ba4 d6 5. Nc3 Bd7 6. Bxc6 Bxc6 7. d4 Nf6 8. Qe2 Qe7 9. O-O h6 10. dxe5 dxe5 11. b3 O-O-O 12. Bb2 Qe6 13. Rad1 Bc5 14. h3 Bd4 15. Nxd4 exd4 16. Nb1 Bb5 17. Rd3 Qxe4 18. Qd1 Bxd3 19. cxd3 Qd5 20. Na3 b5 21. Nc2 Rhe8 22. Nxd4 Qe5 23. Qa1 Qg5 24. Nf3 Qg6 25. Rc1 Nd5 26. Be5 f6 27. Bg3 Qxd3 28. Nd4 Kb7 29. Nc6 Rd7 30. a4 b4 31. Na5+ Kb6 32. Nc4+ Ka7 33. a5 Nc3 0-1


[Site "https://www.chess.com"]

[Event "Titled Tuesday Blitz January 17 Early 2023"]
[White "Bethke, Richard"]
[Black "Luukkonen, Tommi"]
[WhiteFideId "12959243"]
[BlackFideId "501808"]
[WhiteElo "2382"]
[BlackElo "2292"]
[Result "0-1"]
[Round "06"]
[TimeControl "180+2"]
[Date "2023.01.17"]
[WhiteClock "0:00:04"]
[BlackClock "0:01:09"]

1. e4 c5 2. Nf3 d6 3. d4 cxd4 4. Nxd4 Nf6 5. Nc3 a6 6. Be3 e6 7. Be2 Be7 8. f4 O-O 9. g4 d5 10. e5 Ne4 11. Nxe4 dxe4 12. O-O b5 13. Qe1 Bb7 14. Rd1 Qc7 15. Qg3 Nc6 16. c3 Bc5 17. Nxc6 Qxc6 18. Kg2 Rad8 19. f5 Rd3 20. Rxd3 exd3+ 21. Bf3 Qxf3+ 22. Rxf3 Bxe3 23. Kf1 Bxf3 24. Qxf3 Rd8 25. Ke1 d2+ 26. Kd1 Bg5 27. fxe6 fxe6 28. Qc6 Rf8 29. Qxe6+ Kh8 30. Ke2 h5 31. Qg6 Rf1 32. Qxh5+ Bh6 33. Qe8+ Kh7 34. Qd7 Re1+ 35. Kf2 d1=Q 36. Qf5+ g6 37. Qf7+ Bg7 38. e6 Rf1+ 0-1


[Site "https://www.chess.com"]

[Event "Titled Tuesday Blitz January 17 Early 2023"]
[White "Melian, Juan Sebastian"]
[Black "Dwilewicz, Katarzyna"]
[WhiteFideId "3706575"]
[BlackFideId "1148486"]
[WhiteElo "2293"]
[BlackElo "2115"]
[Result "1-0"]
[Round "06"]
[TimeControl "180+2"]
[Date "2023.01.17"]
[WhiteClock "0:01:20"]
[BlackClock "0:00:17"]

1. Nf3 c5 2. e3 Nc6 3. d4 cxd4 4. exd4 d5 5. c3 Nf6 6. h3 g6 7. Bd3 Bg7 8. O-O O-O 9. Re1 Re8 10. Bf4 Nh5 11. Bh2 b6 12. Nbd2 Bb7 13. Ne5 Nf6 14. f4 Rc8 15. f5 Nd7 16. fxg6 hxg6 17. Ndf3 Ndxe5 18. Nxe5 Nxe5 19. Bxe5 Bxe5 20. Rxe5 Kg7 21. Qg4 Qd6 22. Rae1 e6 23. h4 Rh8 24. h5 Rh6 25. hxg6 Rch8 26. gxf7+ Kf8 27. Rxe6 Qh2+ 28. Kf2 Rxe6 29. Rxe6 Qh4+ 30. Qxh4 Rxh4 31. Bg6 1-0


[Site "https://www.chess.com"]

[Event "Titled Tuesday Blitz January 17 Early 2023"]
[White "Ibadov, Dashgyn"]
[Black "Andreev, Konstantin"]
[WhiteFideId "24107514"]
[BlackFideId "24239305"]
[WhiteElo "2391"]
[BlackElo "2195"]
[Result "1-0"]
[Round "06"]
[TimeControl "180+2"]
[Date "2023.01.17"]
[WhiteClock "0:00:02"]
[BlackClock "0:00:04"]

1. e4 c5 2. Nc3 Nc6 3. Bb5 Nd4 4. Nf3 a6 5. Bd3 e6 6. O-O Nc6 7. Be2 g5 8. d4 g4 9. Ne5 Nxd4 10. Bxg4 Bg7 11. f4 d6 12. Nd3 Ne7 13. f5 exf5 14. exf5 Nexf5 15. Re1+ Kf8 16. Bf4 Be6 17. Qd2 h5 18. Bh3 Qd7 19. Ne4 Bh6 20. Rf1 Re8 21. Nf6 Qc6 22. Nxe8 Kxe8 23. Bxh6 Nxh6 24. Bxe6 fxe6 25. c3 Ndf5 26. Rae1 Kd7 27. Nf4 Re8 28. Nxh5 Re7 29. Nf6+ Kc7 30. Ne4 Rg7 31. Ng3 Nxg3 32. hxg3 Nf5 33. Rxe6 Nxg3 34. Rfe1 Nf5 35. Qf2 Qd5 36. Rf6 Rg5 37. Rf1 Ng3 38. Rf7+ Kb6 39. Re1 Ne4 40. Qf3 Re5 41. Rd1 Qc6 42. Rg7 d5 43. Rh7 Re6 44. Qe3 Nf6 45. Qh6 Ne4 46. Qg7 Rg6 47. Qf7 Qd6 48. Qe7 Qg3 49. Qxb7+ Ka5 50. b4+ Ka4 51. Qxa6+ 1-0


[Site "https://www.chess.com"]

[Event "Titled Tuesday Blitz January 17 Early 2023"]
[White "Perez Rodriguez, Jennifer"]
[Black "Berezin, Viktor"]
[WhiteFideId "3507831"]
[BlackFideId "14107872"]
[WhiteElo "2242"]
[BlackElo "2307"]
[Result "0-1"]
[Round "06"]
[TimeControl "180+2"]
[Date "2023.01.17"]
[WhiteClock "0:00:02"]
[BlackClock "0:00:58"]

1. e4 g6 2. d4 Bg7 3. Nc3 d6 4. Be3 Nf6 5. Qd2 O-O 6. O-O-O c6 7. Bh6 b5 8. f3 Qa5 9. Kb1 b4 10. Nce2 e5 11. Nc1 c5 12. dxe5 dxe5 13. Bc4 Nc6 14. Nge2 Nd4 15. h4 Be6 16. Bxe6 Nxe6 17. Bxg7 Kxg7 18. g4 c4 19. Qe3 c3 20. Nb3 Qc7 21. h5 a5 22. hxg6 fxg6 23. Qh6+ Kg8 24. g5 Nh5 25. Rxh5 a4 26. bxc3 axb3 27. axb3 Qa7 28. Kc1 Rfd8 29. Rxd8+ Rxd8 30. Kb2 Qa3+ 0-1


[Site "https://www.chess.com"]

[Event "Titled Tuesday Blitz January 17 Early 2023"]
[White "Iljin, Timofey"]
[Black "Silva, Pedro Gil Ferreira Da"]
[WhiteFideId "14110180"]
[BlackFideId "1946102"]
[WhiteElo "2329"]
[BlackElo "2227"]
[Result "0-1"]
[Round "06"]
[TimeControl "180+2"]
[Date "2023.01.17"]
[WhiteClock "0:00:02"]
[BlackClock "0:01:33"]

1. e4 c6 2. d4 d5 3. e5 c5 4. dxc5 e6 5. Be3 Nd7 6. Nf3 Qc7 7. Bb5 Ne7 8. Nd4 Nc6 9. Bxc6 bxc6 10. b4 Nxe5 11. O-O Nc4 12. Nc3 Be7 13. a4 O-O 14. Nce2 Nxe3 15. fxe3 e5 16. Nf5 Bxf5 17. Rxf5 a5 18. c3 Rab8 19. Rb1 g6 20. Rf1 Bg5 21. Qd3 f5 22. c4 e4 23. Qd2 dxc4 24. Qc3 axb4 25. Qxc4+ Qf7 26. Rxb4 Bxe3+ 27. Kh1 Qxc4 28. Rxc4 Rb2 29. Nc3 Rc2 30. a5 Bd2 31. a6 Rxc3 32. Ra4 Rc1 33. Rxc1 Bxc1 34. a7 Ra8 35. Ra6 e3 36. Rxc6 Rxa7 37. g3 Re7 38. Kg2 e2 39. Rc8+ Kf7 40. c6 e1=Q 41. c7 Re2+ 42. Kh3 Qf1+ 43. Kh4 g5+ 44. Kh5 Qh3# 0-1


[Site "https://www.chess.com"]

[Event "Titled Tuesday Blitz January 17 Early 2023"]
[White "Buksa, Nataliya"]
[Black "Silva, Caio Henrique Angelico"]
[WhiteFideId "14123622"]
[BlackFideId "22777210"]
[WhiteElo "2406"]
[BlackElo "2129"]
[Result "1-0"]
[Round "06"]
[TimeControl "180+2"]
[Date "2023.01.17"]
[WhiteClock "0:01:21"]
[BlackClock "0:01:11"]

1. d4 Nf6 2. Nc3 d5 3. Bf4 e6 4. Nb5 Na6 5. e3 c6 6. Nc3 Bd6 7. Nf3 Nc7 8. Bd3 b6 9. O-O Ba6 10. Ne5 Bxd3 11. Nxc6 Qd7 12. Ne5 Bxe5 13. dxe5 Bxf1 14. exf6 Ba6 15. fxg7 Rg8 16. Qd4 Nb5 17. Nxb5 Bxb5 18. a4 Bc6 19. Be5 O-O-O 20. a5 b5 21. a6 f5 22. Ra3 Rde8 23. Rc3 Re7 24. Qb4 Rexg7 25. Qxb5 Rxg2+ 26. Kf1 Rg1+ 27. Ke2 Kd8 28. Rxc6 Rc1 29. Bf6+ Ke8 30. Rc8+ 1-0


[Site "https://www.chess.com"]